 Dungeon Crawl Stone Soup version 0.22-a0-422-g9628fc8 (webtiles) character file.

305 Jynxie the Skirmisher (level 6, -1/66 HPs)
             Began as an Ogre Assassin on May 22, 2018.
             Slain by Borgoz's ghost (15 damage)
             ... on level 5 of the Dungeon.
             The game lasted 00:13:50 (3764 turns).

Jynxie the Skirmisher (Ogre Assassin)               Turns: 3764, Time: 00:13:51

Health: -1/66      AC:  6    Str: 16    XL:     6   Next: 39%
Magic:  6/6        EV: 11    Int: 12    God:
Gold:   241        SH:  0    Dex: 16    Spells: 5/5 levels left

rFire    . . .     SeeInvis .   l - +3 dagger (venom)
rCold    . . .     Gourm    .   (no shield)
rNeg     + . .     Faith    .   c - +0 robe
rPois    .         Spirit   .   (helmet restricted)
rElec    .         Reflect  .   d - +2 cloak
rCorr    .         Harm     .   (gloves unavailable)
MR       .....                  (boots unavailable)
Stlth    ++++......             (no amulet)
HPRegen  0.21/turn              m - ring of positive energy
MPRegen  0.10/turn              r - ring of stealth

@: no status effects
A: large, unfitting armour, thin skeletal structure 1, agile 1, screaming 1,
tough skin 1
a: no special abilities


You were on level 5 of the Dungeon.
You were not hungry.

You visited 1 branch of the dungeon, and saw 5 of its levels.

You collected 241 gold pieces.

Inventory:

Hand Weapons
 a - a +3 dagger
 b - a +0 blowgun
 l - a +3 dagger of venom (weapon)
 n - a +1 dagger of protection
Missiles
 e - 48 poisoned needles (quivered)
 f - 2 curare-tipped needles
Armour
 c - a +0 robe (worn)
 d - a +2 cloak (worn)
Jewellery
 m - a ring of positive energy (left hand)
 r - a ring of stealth (right hand)
Wands
 k - a wand of polymorph (17)
Scrolls
 h - 3 scrolls of remove curse
 i - 4 scrolls of teleportation
 j - 4 scrolls of identify
 p - a scroll of fog
 q - 6 scrolls of magic mapping
 t - a scroll of blinking
Potions
 o - 4 potions of curing
Comestibles
 g - 11 rations


   Skills:
 * Level 5.4 Fighting
 * Level 3.6 Short Blades
 - Level 2.1 Throwing
 + Level 2.2 Dodging
 + Level 3.5 Stealth


You had 5 spell levels left.
You didn't know any spells.
Your spell library was empty.

Dungeon Overview and Level Annotations

Branches:
Dungeon (5/15)
 Temple: D:4-7

Altars:

Shops:
D:4 =

Annotations:
D:5 Borgoz's ghost, novice MiGl


Innate Abilities, Weirdness & Mutations

You are too large for most types of armour.
You have tough skin. (AC +1)
You have a somewhat thin skeletal structure. (Dex +2, Stealth)
You are agile. (Dex +2)
You occasionally shout uncontrollably at your foes.


Message History

You barely miss Borgoz's ghost.
Borgoz's ghost is lightly damaged.
Borgoz's ghost hits you.
* * * LOW HITPOINT WARNING * * *
You hit Borgoz's ghost but do no damage.
Borgoz's ghost is lightly damaged.
Borgoz's ghost hits you.
* * * LOW HITPOINT WARNING * * *
You hit Borgoz's ghost.
Borgoz's ghost is lightly damaged.
Borgoz's ghost hits you but does no damage.
You puncture Borgoz's ghost!
Borgoz's ghost is moderately damaged.
You hit Borgoz's ghost but do no damage.
Borgoz's ghost is moderately damaged.
Borgoz's ghost hits you!
* * * LOW HITPOINT WARNING * * *
There are no items here.
You feel better. Borgoz's ghost hits you!
You die...

#.........####...##
+.........'.).....#
#.........####...##
##.......#........#
##.....##.###.##.#
##...###.# #.##.# ##'##
#.# #....# ###.####.#
####<#
##@.....#.######.#
#.....W....#.#........#
#...###....#.########.#
.. #......########.#
#...............#
#.#.##.##########
#.####.# #......#
########


You could see Borgoz's ghost.

Vanquished Creatures
  A howler monkey (D:4)
  An orc priest (D:3)
  Jessica (D:2)
  An orc wizard (D:3)
  A worker ant (D:4)
  Robin (D:2)
  A worker ant zombie (D:5)
  2 adders (D:3)
  2 adder skeletons (D:4)
  6 worms
  4 dart slugs
  2 orcs
  A ball python (D:4)
  9 bats
  5 giant cockroaches
  15 goblins
  9 hobgoblins
  4 jackals (D:2)
  5 quokkas
  4 frilled lizards
  8 kobolds
  5 rats
88 creatures vanquished.

Notes
Turn   | Place    | Note
-------+----------+-------------------------------------------
     0 | D:1      | Jynxie the Ogre Assassin began the quest for the Orb.
     0 | D:1      | Reached XP level 1. HP: 22/22 MP: 1/1
   198 | D:1      | Reached skill level 1 in Dodging
   202 | D:1      | Reached skill level 3 in Fighting
   202 | D:1      | Reached XP level 2. HP: 28/31 MP: 2/2
   699 | D:1      | Reached XP level 3. HP: 33/37 MP: 3/3
   903 | D:2      | Noticed Robin
   904 | D:2      | Noticed Jessica
  1216 | D:2      | Killed Robin
  1216 | D:2      | Reached XP level 4. HP: 43/48 MP: 4/4
  1222 | D:2      | Killed Jessica
  1222 | D:2      | Reached skill level 4 in Fighting
  1889 | D:3      | Found a faded altar of an unknown god.
  2054 | D:3      | Reached XP level 5. HP: 47/55 MP: 5/5
  2530 | D:3      | Reached skill level 5 in Fighting
  3131 | D:4      | Reached XP level 6. HP: 63/66 MP: 6/6
  3196 | D:4      | Found Dische Refao's Jewellery Emporium.
  3419 | D:4      | Gained mutation: You have a somewhat thin skeletal structure. (Dex +2, Stealth) [potion of mutation]
  3419 | D:4      | Gained mutation: You occasionally shout uncontrollably at your foes. [potion of mutation]
  3419 | D:4      | Gained mutation: You are agile. (Dex +2) [potion of mutation]
  3677 | D:5      | Entered Level 5 of the Dungeon
  3745 | D:5      | Noticed Borgoz's ghost (novice MiGl)
  3764 | D:5      | Slain by Borgoz's ghost

Vault maps used:
D:1:      dpeg_arrival_fog, minmay_domino_2
D:2:      uniq_robin, uniq_jessica
D:3:      chequers_ecumenical_altar_island
D:4:      serial_shops, shop, first_ration, small_statue_alley_b, minivault_26,
          minmay_crystal_room
D:5:      grunt_temple_overflow_cloverleaf

Skill      XL: |  1  2  3  4  5 |
---------------+----------------+-----
Stealth        | 3 |  3.5
Short Blades   | 2 3 |  3.6
Dodging        | 1 2 |  2.2
Fighting       | 3 4 5 |  5.4
Throwing       | |  2.1

Action                   |  1- 3 |  4- 6 || total
-------------------------+-------+-------++-------
Melee: Dagger            |   110 |   178 ||   288
       Unarmed           |     1 |     4 ||     5
  Use: Scroll            |     5 |     8 ||    13
       Potion            |       |     5 ||     5
 Stab: Sleeping          |     2 |    10 ||    12
  Eat: Chunk             |     1 |     5 ||     6
       Ration            |       |     1 ||     1
Armor: Robe              |    31 |    49 ||    80
       Skin              |       |     1 ||     1
Dodge: Dodged            |    49 |    64 ||   113

Table legend:
 A = Spawn XP
 B = Non-spawn XP
 C = Spawn XP percentage of total XP
 D = Spawn monster count
 E = Non-spawn monster count
 F = Spawn count percentage of total count
 G = Total turns spent on level
                    A         B        C        D         E        F      G
               +---------+---------+-------+---------+---------+-------+---------
         Total |       0 |     436 |   0.0 |       0 |      88 |   0.0 |  3764
               +---------+---------+-------+---------+---------+-------+---------
           D:1 |       0 |      43 |   0.0 |       0 |      24 |   0.0 |  1168
           D:2 |       0 |     102 |   0.0 |       0 |      25 |   0.0 |   673
           D:3 |       0 |     163 |   0.0 |       0 |      29 |   0.0 |  1161
           D:4 |       0 |     112 |   0.0 |       0 |       9 |   0.0 |   675
           D:5 |       0 |      16 |   0.0 |       0 |       1 |   0.0 |    87
               +---------+---------+-------+---------+---------+-------+---------
